 Dungeon Crawl Stone Soup version 0.31-a0-237-g2d982f9f85 (webtiles) character file.

Game seed: 5412178496619577300

2473 Shard1697 the Cleaver (level 10, -2/84 HPs)
             Began as a Meteoran Berserker on July 11, 2023.
             Was an Elder of Trog.
             Killed by divine providence
             ... invoked by an orc priest
              (13 damage)
             ... on level 8 of the Dungeon.
             The game lasted 00:10:04 (1898 turns).

Shard1697 the Cleaver (Meteoran Berserker)          Turns: 1898, Time: 00:10:04

Health: -2/84      AC:  9    Str: 28    XL:     10   Next: 7%
Magic:  11/11      EV:  9    Int: 11    God:    Trog [****..]
Gold:   251        SH:  3    Dex: 13    Spells: 9/9 levels left

rFire   . . .        a - +1 war axe
rCold   . . .        g - +0 buckler
rNeg    . . .        c - +0 chain mail
rPois   +            (no helmet)
rElec   .            h - +0 cloak
rCorr   .            (no gloves)
SInv    .            (no boots)
Will    +....        (no amulet) Stlth
                     m - ring of poison resistance
HPRegen 0.34/turn    q - +6 ring of strength
MPRegen 0.12/turn

%: no passive effects
@: on berserk cooldown, slowed, glowing, very slow
A: sense surroundings 2, otherworldly, glowing, explore regen
a: Renounce Religion, Berserk, Trog's Hand, Brothers in Arms


You were on level 8 of the Dungeon.
You worshipped Trog.
Trog was greatly pleased with you.
You visited 1 branch of the dungeon, and saw 6 of its levels.

You collected 251 gold pieces.

Inventory:

Hand Weapons
 a - a +1 war axe (weapon)
 b - a +0 whip of electrocution
Armour
 c - a +0 chain mail (worn)
 g - a +0 buckler (worn)
 h - a +0 cloak (worn)
 l - a +2 robe of fire resistance
Jewellery
 m - a ring of poison resistance (left hand)
 o - a ring of protection from fire
 q - a +6 ring of strength (right hand)
Wands
 i - a wand of flame (16)
 j - a wand of digging (5)
Scrolls
 f - a scroll of identify
 k - a scroll of revelation
Potions
 d - a potion of might
 e - 3 potions of curing
 n - a potion of mutation


   Skills:
 * Level 6.8 Fighting
 + Level 13.7 Axes
 - Level 2.4 Armour
 - Level 2.4 Dodging


You had 9 spell levels left.
You didn't know any spells.
Your spell library was empty.

Dungeon Overview and Level Annotations

Branches:
Dungeon (5/15) Zot: 1673
 Temple: D:4-7

Altars:
Qazlal
Ru
Sif Muna
Trog
Zin
The Shining One


Innate Abilities, Weirdness & Mutations

You passively map the area around you.
You are easily found by Zot.
You glow in the dark.
You regain HP and MP as you explore.


Message History

The bullfrog is lightly wounded.
The bullfrog hits you!
You miss the bullfrog.
The bullfrog is lightly wounded.
The bullfrog hits you but does no damage.
You slice the bullfrog!!
You kill the bullfrog!
Trog accepts your kill.
You feel a strong urge to attack something.
You hit the two-headed ogre.
The two-headed ogre is lightly wounded.
The two-headed ogre hits you with a +0 giant club!! x2
You slash the two-headed ogre!
The two-headed ogre is moderately wounded.
You barely miss the two-headed ogre.
The two-headed ogre is moderately wounded.
You slash the two-headed ogre!
The two-headed ogre is heavily wounded.
The two-headed ogre hits you with a +0 giant club!!
* * * LOW HITPOINT WARNING * * *
The two-headed ogre hits you with a +0 giant club.
* * * LOW HITPOINT WARNING * * *
You slash the two-headed ogre!
The two-headed ogre is severely wounded.
You slice the two-headed ogre!!
You kill the two-headed ogre!
Trog accepts your kill.
You are no longer berserk.
You are exhausted.
You feel yourself slow down.
Your Fighting skill increases to level 6!
You have reached level 10!
You feel better.
You barely miss the orc priest. You slash the orc!
You kill the orc!
Trog accepts your kill.
The orc priest miscasts a cantrip.
The orc priest invokes the aid of Beogh against you.
Beogh smites you!
You die...

, . o.###.#...##* , ,
, .. .........., * *
o. #o.....# * ,
#.##.....# *
,,*#....o...# * ,*
#.(.....## , #####.###
*, ### ##o## ,,, #..,
##@).## ** * , #.#
##.....## , ##.##
##.......## * *,*
##...####.........# ,
,
#.......'............,
,
##...####............
,, ##.## ##..>.....###
** ,* #.# ##.....#)# *
###.# ##...##.# *


You could see 2 orc priests.

Vanquished Creatures
  A two-headed ogre (D:8)
  Pikel (D:5)
  Grinder (D:5)
  Eustachio (D:5)
  Menkaure (D:5)
  An ice beast (D:5)
  A black bear (D:5)
  An ogre (D:4)
  A lemure (D:5)
  2 bullfrogs
  A howler monkey (D:5)
  2 orc priests
  2 jellies (D:5)
  A hound (D:4)
  A sleepcap (D:4)
  Ijyb (D:3)
  2 iguanas
  2 orc wizards
  10 adders
  10 gnolls
  An ufetubus (D:4)
  3 worms
  3 dart slugs
  8 orcs
  4 bats
  10 endoplasms
  4 giant cockroaches
  7 goblins
  7 hobgoblins
  A jackal (D:4)
  5 kobolds
  5 quokkas
  7 ball pythons
  4 frilled lizards
  5 rats
117 creatures vanquished.

Notes
Turn   | Place    | Note
-------+----------+-------------------------------------------
     0 | D:1      | Shard1697 the Meteoran Berserker began the quest for the
                  | Orb.
     0 | D:1      | Reached XP level 1. HP: 19/19 MP: 2/2
   193 | D:1      | Reached skill level 4 in Axes
   202 | D:1      | Reached XP level 2. HP: 17/26 MP: 3/3
   441 | D:2      | Reached XP level 3. HP: 28/31 MP: 4/4
   507 | D:2      | Reached skill level 5 in Axes
   534 | D:2      | Reached ** piety under Trog
   535 | D:2      | Reached XP level 4. HP: 32/38 MP: 5/5
   742 | D:3      | Found a glowing silver altar of Zin.
   758 | D:3      | Reached skill level 6 in Axes
   777 | D:3      | Noticed Ijyb
   792 | D:3      | Killed Ijyb
   793 | D:3      | Reached XP level 5. HP: 23/45 MP: 6/6
   857 | D:3      | Reached skill level 7 in Axes
   905 | D:3      | Reached XP level 6. HP: 45/51 MP: 7/7
   979 | D:4      | Reached *** piety under Trog
  1036 | D:4      | Reached skill level 8 in Axes
  1066 | D:4      | Found a bloodstained altar of Trog.
  1162 | D:4      | Identified the +0 dagger "Ohuqaib" {flame, MP+9 SInv}
  1259 | D:4      | Noticed an ogre
  1268 | D:4      | Killed an ogre
  1269 | D:4      | Reached XP level 7. HP: 50/57 MP: 8/8
  1299 | D:4      | Found a sacrificial altar of Ru.
  1309 | D:4      | Reached skill level 9 in Axes
  1398 | D:4      | Reached **** piety under Trog
  1509 | D:5      | Entered Level 5 of the Dungeon
  1511 | D:5      | Noticed Pikel
  1519 | D:5      | Reached skill level 10 in Axes
  1519 | D:5      | Reached XP level 8. HP: 63/63 MP: 9/9
  1528 | D:5      | Killed Pikel
  1529 | D:5      | Reached skill level 12 in Axes
  1529 | D:5      | Gained mutation: You passively map the area around you.
                  | [Meteoran growth]
  1529 | D:5      | Reached XP level 9. HP: 70/70 MP: 10/10
  1533 | D:5      | Noticed Grinder
  1575 | D:5      | Paralysed by Grinder for 3 turns
  1582 | D:5      | Killed Grinder
  1649 | D:5      | Reached skill level 13 in Axes
  1729 | D:5      | Found a stormy altar of Qazlal.
  1732 | D:5      | Found a shimmering blue altar of Sif Muna.
  1795 | D:5      | Noticed Eustachio
  1796 | D:5      | Noticed Menkaure
  1806 | D:5      | Killed Eustachio
  1811 | D:5      | Killed Menkaure
  1812 | D:5      | Reached skill level 5 in Fighting
  1847 | D:5      | Found a glowing golden altar of the Shining One.
  1849 | D:5      | You fall into a shaft and drop 3 floors!
  1877 | D:8      | Noticed a two-headed ogre
  1896 | D:8      | Killed a two-headed ogre
  1897 | D:8      | Reached XP level 10. HP: 5/84 MP: 11/11
  1898 | D:8      | Killed from afar by an orc priest

Illustrated notes

Levels and vault maps discovered:
D:1:      dpeg_arrival_solitude, layout_basic, serial_shops, shop,
          nrook_loot_triangle, supply_closet_lemuel, amethyst_killhole,
          st_stairs_7
D:2:      layout_loops_ring, minmay_pentomino_pile
D:3:      layout_rooms, zin_academy, hangedman_decor_diamond_cutter,
          chequers_serial_rivers_micro_d, chequers_serial_rivers_micro_b,
          minmay_misc_feat_diagonals, minmay_cupped, uniq_ijyb
D:4:      cheibrodos_barr_body, layout_basic,
          mainiacjoe_overflow_six_doors_small,
          nicolae_ru_great_annihilating_truth, serial_glass, glass_columns_a,
          glass_columns_c, minmay_misc_feat_alley
D:5:      layout_basic, mainiacjoe_overflow_divided_tiny, tso_altar,
          kennysheep_mini_moat, uniq_grinder, uniq_eustachio, uniq_pikel,
          uniq_menkaure
D:8:      cheibrodos_helix_gallery, layout_loops_corners

Skill      XL: |  1  2  3  4  5  6  7  8  9 |
---------------+----------------------------+-----
Axes           | 4 5 6 7 8 10 12 13 | 13.7
Fighting       | 6 |  6.8
Armour         | |  2.4
Dodging        | |  2.4

Action                     |  1- 3 |  4- 6 |  7- 9 | 10-12 || total
---------------------------+-------+-------+-------+-------++-------
  Melee: Hand axe          |    58 |   141 |       |       ||   199
         Punch             |     1 |     2 |     1 |       ||     4
         War axe           |       |    22 |   142 |     1 ||   165
 Invoke: Berserk           |       |     2 |     3 |       ||     5
    Use: Scroll            |       |       |     8 |       ||     8
         Potion            |       |       |       |     1 ||     1
 Armour: Chain mail        |    37 |    95 |    68 |       ||   200
  Dodge: Dodged            |    18 |    60 |    41 |       ||   119
  Block: Buckler           |       |       |    10 |       ||    10

Table legend: (Time is in decaauts)
 A = Elapsed time spent in this place.
 B = Non-inter-level travel time spent in this place.
 C = Inter-level travel time spent in this place.
 D = Time resting spent in this place.
 E = Time spent auto-exploring this place.
 F = Levels seen in this place.
 G = Mean time per level.
                   A        B        C        D        E       F      G
               +--------+--------+--------+--------+--------+-----+--------+
         Total |   1925 |    796 |   1129 |      5 |      2 |   6 |  320.8 |
       Dungeon |   1925 |    796 |   1129 |      5 |      2 |   6 |  320.8 |
               +--------+--------+--------+--------+--------+-----+--------+

Top non-repeatable levels by time:
     D:4: 574 daAuts
     D:2: 390 daAuts
     D:5: 329 daAuts
     D:3: 311 daAuts
     D:1: 274 daAuts
     D:8: 44 daAuts
